| TOP OF THE 1ST |
|
Clinton LumberKings batting - Pitching for Lexington Legends : RHP Franklin Salazar
|
|
Pitching: RHP Franklin Salazar
|
|
|
Batting: RHB Julian Gregory
|
0-0: Ball 1-0: Swinging Strike 1-1: Ball 2-1: Ball 3-1: Base on Balls
|
|
Batting: RHB Enrique Valdez
|
0-0: Ball 1-0: Foul Ball, location: 2F 1-1: Fielders Choice at 2nd, 4-6 (Groundball, 4, EV 84.4 MPH)
|
|
Batting: RHB Hideo Okimura
|
0-0: Fly out, F7 (Flyball, 7LM, EV 110.6 MPH)
|
|
Batting: LHB Taki Matsui
|
0-0: Ball 1-0: Called Strike 1-1: Foul Ball, location: 2F 1-2: Foul Ball, location: 2F 1-2: SINGLE (Groundball, 34, EV 88.8 MPH) (infield hit) Enrique Valdez to second
|
|
Batting: RHB Mike Conaway
|
0-0: Ball 1-0: Foul Ball, location: 2F 1-1: Swinging Strike 1-2: Ball 2-2: SINGLE (Line Drive, 9S, EV 93.1 MPH) Enrique Valdez to third Taki Matsui to second Runner from 3rd tries for Home, SAFE, throw by RF to home
|
|
Batting: LHB Justin Long
|
0-0: Ball 1-0: Foul Ball, location: 2F 1-1: Ball 2-1: Fielders Choice at 2nd, 6-4 (Groundball, 6, EV 105.0 MPH)
|
| Top of the 1st over - 1 run, 2 hits, 0 errors, 2 left on base; Clinton 1 - Lexington 0 |
| BOTTOM OF THE 1ST |
|
Lexington Legends batting - Pitching for Clinton LumberKings : LHP Aidan Smith
|
|
Pitching: LHP Aidan Smith
|
|
|
Batting: RHB Doug Carter
|
0-0: Called Strike 0-1: Ground out 4-3 (Groundball, 4MS, EV 88.8 MPH)
|
|
Batting: SHB Ryoji Hiraoka
|
0-0: Ball 1-0: Ball 2-0: Foul Ball, location: 2F 2-1: Ball 3-1: Ground out 6-3 (Groundball, 6S, EV 88.8 MPH)
|
|
Batting: RHB Andy Urquhart
|
0-0: Called Strike 0-1: Ball 1-1: Ball 2-1: Foul Ball, location: 2F 2-2: Fly out, F9 (Flyball, 9, EV 96.9 MPH)
|
| Bottom of the 1st over - 0 runs, 0 hits, 0 errors, 0 left on base; Clinton 1 - Lexington 0 |
| TOP OF THE 2ND |
|
Clinton LumberKings batting - Pitching for Lexington Legends : RHP Franklin Salazar
|
|
Batting: RHB Salvador Avina
|
0-0: Ball 1-0: Foul Ball, location: 2F 1-1: Ball 2-1: Foul Ball, location: 2F 2-2: Ball 3-2: Ground out 5-3 (Groundball, 56, EV 89.4 MPH)
|
|
Pitching: LHP Hyoji Kawabata
|
|
|
Batting: RHB Clay Statum
|
0-0: Ball 1-0: Called Strike 1-1: Ground out 6-3 (Groundball, 6, EV 83.8 MPH)
|
|
Batting: LHB Brian Butler
|
0-0: Called Strike 0-1: Foul Ball, location: 2F 0-2: Ground out U3 (Groundball, 3, EV 93.1 MPH)
|
| Top of the 2nd over - 0 runs, 0 hits, 0 errors, 0 left on base; Clinton 1 - Lexington 0 |
| BOTTOM OF THE 2ND |
|
Lexington Legends batting - Pitching for Clinton LumberKings : LHP Aidan Smith
|
|
Batting: LHB Robert Wilkins
|
0-0: Ball 1-0: Ball 2-0: DOUBLE (Line Drive, 89D, EV 105.0 MPH)
|
|
Batting: RHB Ben Garrett
|
0-0: Called Strike 0-1: Ground out 5-3 (Groundball, 5, EV 86.2 MPH)
|
|
Batting: LHB David Bearden
|
0-0: Ball 1-0: Ball 2-0: Ground out 6-3 (Groundball, 6, EV 92.5 MPH) Robert Wilkins to third
|
|
Batting: RHB Nate De Jongh
|
0-0: Ball 1-0: Ball 2-0: Ball 3-0: Called Strike 3-1: Base on Balls
|
|
Batting: RHB Franklin Salazar
|
0-0: Ball 1-0: Ball 2-0: Called Strike 2-1: Ball 3-1: Called Strike 3-2: Foul Ball, location: 2F 3-2: Ground out 4-3 (Groundball, 13, EV 91.9 MPH)
|
| Bottom of the 2nd over - 0 runs, 1 hit, 0 errors, 2 left on base; Clinton 1 - Lexington 0 |
| TOP OF THE 3RD |
|
Clinton LumberKings batting - Pitching for Lexington Legends : LHP Hyoji Kawabata
|
|
Batting: RHB Julian Gregory
|
0-0: Bunt for hit to 25 - play at first, batter OUT! 5-3
|
|
Batting: RHB Enrique Valdez
|
0-0: Ball 1-0: Swinging Strike 1-1: Called Strike 1-2: Foul Ball, location: 2F 1-2: Strikes out swinging
|
|
Batting: RHB Hideo Okimura
|
0-0: Ball 1-0: Ball 2-0: Ball 3-0: Called Strike 3-1: Base on Balls
|
|
Batting: LHB Taki Matsui
|
0-0: Called Strike 0-1: Ball 1-1: Ball 2-1: Ball 3-1: Fly out, F9 (Line Drive, 89M, EV 86.9 MPH)
|
| Top of the 3rd over - 0 runs, 0 hits, 0 errors, 1 left on base; Clinton 1 - Lexington 0 |
| BOTTOM OF THE 3RD |
|
Lexington Legends batting - Pitching for Clinton LumberKings : LHP Aidan Smith
|
|
Batting: RHB Eric Erickson
|
0-0: Ball 1-0: Called Strike 1-1: Swinging Strike 1-2: Foul Ball, location: 2F 1-2: Foul Ball, location: 2F 1-2: Foul Ball, location: 2F 1-2: Strikes out looking
|
|
Batting: RHB Doug Carter
|
0-0: Ball 1-0: DOUBLE (Groundball, 5L, EV 100.0 MPH)
|
|
Batting: SHB Ryoji Hiraoka
|
0-0: Called Strike Doug Carter steals 3rd, throwing error, E2 Doug Carter scores 0-1: Ball 1-1: Ball 2-1: Ball 3-1: Swinging Strike 3-2: TRIPLE (Line Drive, 8LXD, EV 107.5 MPH)
|
|
Batting: RHB Andy Urquhart
|
0-0: Ball 1-0: Foul Ball, location: 2F 1-1: Called Strike 1-2: Ball 2-2: Foul Ball, location: 2F 2-2: Ball 3-2: Strikes out swinging
|
|
Batting: LHB Robert Wilkins
|
0-0: Called Strike 0-1: Ball 1-1: SINGLE (Groundball, 34D, EV 95.0 MPH) Ryoji Hiraoka scores
|
|
Batting: RHB Ben Garrett
|
0-0: Ball 1-0: Foul Ball, location: 2F 1-1: SINGLE (Groundball, 6MD, EV 101.2 MPH) Robert Wilkins to second
|
|
Batting: LHB David Bearden
|
0-0: Ball 1-0: Fielders Choice at 2nd, 6-4 (Groundball, 6, EV 81.9 MPH)
|
| Bottom of the 3rd over - 2 runs, 4 hits, 1 error, 2 left on base; Clinton 1 - Lexington 2 |
| TOP OF THE 4TH |
|
Clinton LumberKings batting - Pitching for Lexington Legends : LHP Hyoji Kawabata
|
|
Pitching: RHP Howie Seidler
|
|
|
Batting: RHB Mike Conaway
|
0-0: Foul Ball, location: 2F 0-1: Foul Ball, location: 2F 0-2: Ball 1-2: Strikes out swinging
|
|
Batting: LHB Justin Long
|
0-0: Called Strike 0-1: Ball 1-1: Ball 2-1: Foul Ball, location: 2F 2-2: Strikes out swinging
|
|
Batting: RHB Salvador Avina
|
0-0: Ball 1-0: Fly out, F3 (Popup, 3SF, EV 75.0 MPH)
|
| Top of the 4th over - 0 runs, 0 hits, 0 errors, 0 left on base; Clinton 1 - Lexington 2 |
| BOTTOM OF THE 4TH |
|
Lexington Legends batting - Pitching for Clinton LumberKings : LHP Aidan Smith
|
|
Batting: RHB Nate De Jongh
|
0-0: Swinging Strike 0-1: DOUBLE (Line Drive, 7LM, EV 105.0 MPH)
|
|
Batting: RHB Franklin Salazar
|
0-0: Called Strike 0-1: Foul Ball, location: 2F 0-2: Ball 1-2: Strikes out swinging
|
|
Batting: RHB Eric Erickson
|
0-0: Called Strike 0-1: Ball 1-1: Fly out, F9 (Flyball, 9LS, EV 76.9 MPH)
|
|
Batting: RHB Doug Carter
|
0-0: Foul Ball, location: 2F 0-1: Ball 1-1: Swinging Strike 1-2: Ground out 5-3 (Groundball, 5, EV 101.9 MPH)
|
| Bottom of the 4th over - 0 runs, 1 hit, 0 errors, 1 left on base; Clinton 1 - Lexington 2 |
| TOP OF THE 5TH |
|
Clinton LumberKings batting - Pitching for Lexington Legends : RHP Howie Seidler
|
|
Batting: RHB Clay Statum
|
0-0: Called Strike 0-1: Ball 1-1: Foul Ball, location: 2F 1-2: SINGLE (Line Drive, 9S, EV 108.8 MPH)
|
|
Batting: LHB Brian Butler
|
0-0: Ball 1-0: Fly out, F7 (Flyball, 78M, EV 74.4 MPH)
|
|
Batting: RHB Julian Gregory
|
0-0: Ball 1-0: Foul Ball, location: 2F 1-1: Foul Ball, location: 2F 1-2: Foul Ball, location: 2F 1-2: Ball 2-2: Fielders Choice at 2nd, 4-6 (Groundball, 4M, EV 83.1 MPH)
|
|
Pitching: RHP Michiyo Takayama
|
|
|
Batting: RHB Enrique Valdez
|
0-0: Called Strike Julian Gregory is caught stealing 2nd base 2-4
|
| Top of the 5th over - 0 runs, 1 hit, 0 errors, 0 left on base; Clinton 1 - Lexington 2 |
| BOTTOM OF THE 5TH |
|
Lexington Legends batting - Pitching for Clinton LumberKings : LHP Aidan Smith
|
|
Batting: SHB Ryoji Hiraoka
|
0-0: Ball 1-0: Swinging Strike 1-1: Foul Ball, location: 2F 1-2: TRIPLE (Line Drive, 9LD, EV 104.4 MPH)
|
|
Batting: RHB Andy Urquhart
|
0-0: Swinging Strike 0-1: Foul Ball, location: 2F 0-2: Ball 1-2: Foul Ball, location: 2F 1-2: Ball 2-2: Ball 3-2: Ground out 5-3 (Groundball, 5S, EV 67.5 MPH)
|
|
Pitching: RHP Marty Maginnis
|
|
|
Batting: LHB Robert Wilkins
|
0-0: Ball 1-0: Called Strike 1-1: Swinging Strike 1-2: Ball 2-2: Foul Ball, location: 2F 2-2: Strikes out swinging
|
|
Batting: RHB Ben Garrett
|
0-0: Foul Ball, location: 2F 0-1: Fly out, F4 (Popup, 4, EV 60.0 MPH)
|
| Bottom of the 5th over - 0 runs, 1 hit, 0 errors, 1 left on base; Clinton 1 - Lexington 2 |
| TOP OF THE 6TH |
|
Clinton LumberKings batting - Pitching for Lexington Legends : RHP Michiyo Takayama
|
|
Batting: RHB Enrique Valdez
|
0-0: Ball 1-0: Called Strike 1-1: Foul Ball, location: 2F 1-2: Strikes out swinging, 2-3 out at first.
|
|
Batting: RHB Hideo Okimura
|
0-0: Ball 1-0: Ground out 4-3 (Groundball, 4, EV 96.2 MPH)
|
|
Batting: LHB Taki Matsui
|
0-0: Ball 1-0: Swinging Strike 1-1: Foul Ball, location: 2F 1-2: Ball 2-2: Ball 3-2: Foul Ball, location: 2F 3-2: Ground out 4-3 (Groundball, 4M, EV 91.2 MPH)
|
| Top of the 6th over - 0 runs, 0 hits, 0 errors, 0 left on base; Clinton 1 - Lexington 2 |
| BOTTOM OF THE 6TH |
|
Lexington Legends batting - Pitching for Clinton LumberKings : RHP Marty Maginnis
|
|
Batting: LHB David Bearden
|
0-0: Ball 1-0: Swinging Strike 1-1: Called Strike 1-2: Ball 2-2: SINGLE (Groundball, 6D, EV 95.0 MPH)
|
|
Batting: RHB Nate De Jongh
|
0-0: Ball 1-0: Ball 2-0: Foul Ball, location: 2F 2-1: Swinging Strike 2-2: Strikes out looking
|
|
Batting: RHB Franklin Salazar
|
0-0: Called Strike 0-1: Ball 1-1: Swinging Strike 1-2: Foul Ball, location: 2F 1-2: Ball 2-2: Foul Ball, location: 2F 2-2: Ball 3-2: Base on Balls David Bearden to second
|
|
Batting: RHB Eric Erickson
|
0-0: Ball 1-0: Called Strike 1-1: Called Strike 1-2: Foul Ball, location: 2F 1-2: Ball 2-2: DOUBLE (Flyball, 89D, EV 101.9 MPH) David Bearden scores Franklin Salazar to third
|
|
Batting: RHB Doug Carter
|
0-0: Called Strike 0-1: Fly out, F8 (Flyball, 8RXD, EV 95.6 MPH) Runner from 3rd tags up, SCORES, no throw by CF Eric Erickson to third
|
|
Batting: SHB Ryoji Hiraoka
|
0-0: Called Strike 0-1: Ball 1-1: Fly out, F5 (Popup, 56, EV 61.9 MPH)
|
| Bottom of the 6th over - 2 runs, 2 hits, 0 errors, 1 left on base; Clinton 1 - Lexington 4 |
| TOP OF THE 7TH |
|
Clinton LumberKings batting - Pitching for Lexington Legends : RHP Michiyo Takayama
|
|
Pitching: RHP Rich Frontczak
|
|
|
Batting: RHB Mike Conaway
|
0-0: Called Strike 0-1: Swinging Strike 0-2: Ball 1-2: Foul Ball, location: 2F 1-2: Foul Ball, location: 2F 1-2: Foul Ball, location: 2F 1-2: Ball 2-2: Ball 3-2: Base on Balls
|
|
Batting: LHB Justin Long
|
0-0: Ball 1-0: Ball 2-0: Called Strike 2-1: Swinging Strike 2-2: Foul Ball, location: 2F 2-2: Ball 3-2: Foul Ball, location: 2F 3-2: Foul Ball, location: 2F 3-2: Foul Ball, location: 2F 3-2: Foul Ball, location: 2F 3-2: Base on Balls Mike Conaway to second
|
|
Pitching: RHP Tony Jimenez
|
|
|
Batting: RHB Salvador Avina
|
0-0: Sac Bunt to 13S - play at first, batter OUT! 1-3 Mike Conaway to third Justin Long to second
|
|
Batting: RHB Clay Statum
|
0-0: Ball 1-0: Swinging Strike 1-1: Reached on error, E3 (Groundball, 34, EV 97.5 MPH) Mike Conaway scores Justin Long to third
|
|
Batting: LHB Brian Butler
|
0-0: Ground out 5-3 (Groundball, 6S, EV 70.6 MPH) Clay Statum to second
|
|
Batting: RHB Julian Gregory
|
0-0: Ball 1-0: SINGLE (Flyball, 89S, EV 92.5 MPH) Justin Long scores Clay Statum to third Runner from 3rd tries for Home, SAFE, throw by CF to home
|
|
Batting: RHB Enrique Valdez
|
0-0: Ball Julian Gregory is caught stealing 2nd base 2-4
|
| Top of the 7th over - 3 runs, 1 hit, 1 error, 0 left on base; Clinton 4 - Lexington 4 |
| BOTTOM OF THE 7TH |
|
Lexington Legends batting - Pitching for Clinton LumberKings : RHP Marty Maginnis
|
|
Pitching: RHP Jace Daniels
|
|
|
Batting: RHB Andy Urquhart
|
0-0: Called Strike 0-1: Ball 1-1: Ground out 6-3 (Groundball, 56, EV 85.0 MPH)
|
|
Batting: LHB Robert Wilkins
|
0-0: Ground out 2-3 (Groundball, 2R, EV 67.5 MPH)
|
|
Batting: RHB Ben Garrett
|
0-0: Ball 1-0: Called Strike 1-1: SINGLE (Groundball, 6D, EV 105.0 MPH)
|
|
Batting: LHB David Bearden
|
0-0: Called Strike 0-1: Ball 1-1: Swinging Strike 1-2: Foul Ball, location: 2F 1-2: Strikes out swinging
|
| Bottom of the 7th over - 0 runs, 1 hit, 0 errors, 1 left on base; Clinton 4 - Lexington 4 |
| TOP OF THE 8TH |
|
Clinton LumberKings batting - Pitching for Lexington Legends : RHP Tony Jimenez
|
|
Batting: RHB Enrique Valdez
|
0-0: Ball 1-0: Ball 2-0: Called Strike 2-1: Swinging Strike 2-2: Ball 3-2: Base on Balls
|
|
Batting: RHB Hideo Okimura
|
0-0: Called Strike 0-1: Ball 1-1: Ball 2-1: Called Strike 2-2: Ball 3-2: Reached on error, E1 (Groundball, 34S, EV 72.5 MPH) Enrique Valdez to second
|
|
Pitching: LHP Tyler Abraham
|
|
|
Batting: LHB Taki Matsui
|
0-0: Ball 1-0: Fly out, F6 (Line Drive, 6, EV 63.1 MPH)
|
|
Batting: RHB Mike Conaway
|
0-0: Foul Ball, location: 2F 0-1: Foul Ball, location: 2F 0-2: Ball 1-2: Strikes out looking
|
|
Batting: LHB Justin Long
|
0-0: Called Strike 0-1: Foul Ball, location: 2F 0-2: Strikes out swinging
|
| Top of the 8th over - 0 runs, 0 hits, 1 error, 2 left on base; Clinton 4 - Lexington 4 |
| BOTTOM OF THE 8TH |
|
Lexington Legends batting - Pitching for Clinton LumberKings : RHP Jace Daniels
|
|
Batting: RHB Nate De Jongh
|
0-0: Ball 1-0: Called Strike 1-1: Fly out, F9 (Flyball, 9LM, EV 90.0 MPH)
|
|
Batting: RHB Franklin Salazar
|
0-0: Foul Ball, location: 2F 0-1: Ball 1-1: Called Strike 1-2: Ball 2-2: Ground out 4-3 (Groundball, 4MD, EV 88.8 MPH)
|
|
Batting: RHB Eric Erickson
|
0-0: Foul Ball, location: 2F 0-1: Ball 1-1: Ground out 5-3 (Groundball, 56S, EV 82.5 MPH)
|
| Bottom of the 8th over - 0 runs, 0 hits, 0 errors, 0 left on base; Clinton 4 - Lexington 4 |
| TOP OF THE 9TH |
|
Clinton LumberKings batting - Pitching for Lexington Legends : LHP Tyler Abraham
|
|
Batting: RHB Salvador Avina
|
0-0: Called Strike 0-1: Ball 1-1: Ball 2-1: Ground out 6-3 (Groundball, 56, EV 84.4 MPH)
|
|
Batting: RHB Clay Statum
|
0-0: Ball 1-0: Ball 2-0: Ball 3-0: Called Strike 3-1: Swinging Strike 3-2: Foul Ball, location: 2F 3-2: Foul Ball, location: 2F 3-2: Base on Balls
|
|
Pitching: RHP Junsuke Abe
|
|
|
Pinch Hitting: RHB Tomokazu Sugimoto
|
0-0: Ball 1-0: Sac Bunt to 25 - play at first, batter OUT! 5-3 Clay Statum to second
|
|
Batting: RHB Julian Gregory
|
0-0: Called Strike 0-1: Foul Ball, location: 2F 0-2: Fly out, F7 (Flyball, 7LS, EV 90.6 MPH)
|
| Top of the 9th over - 0 runs, 0 hits, 0 errors, 1 left on base; Clinton 4 - Lexington 4 |
| BOTTOM OF THE 9TH |
|
Lexington Legends batting - Pitching for Clinton LumberKings : RHP Jace Daniels
|
|
Pitching: RHP Willie Sanchez
|
|
|
Now at SS: Jim Begger
|
|
|
Batting: RHB Doug Carter
|
0-0: Called Strike 0-1: Swinging Strike 0-2: Ball 1-2: Fly out, F1 (Line Drive, P, EV 70.0 MPH)
|
|
Batting: SHB Ryoji Hiraoka
|
0-0: Ball 1-0: Foul Ball, location: 2F 1-1: Swinging Strike 1-2: Ball 2-2: Strikes out swinging
|
|
Batting: RHB Andy Urquhart
|
0-0: Ball 1-0: Foul Ball, location: 2F 1-1: Ball 2-1: SINGLE (Line Drive, 3D, EV 99.4 MPH)
|
|
Batting: LHB Robert Wilkins
|
0-0: Ball Andy Urquhart steals 2nd base (no throw) 1-0: Intentional Walk
|
|
Batting: RHB Ben Garrett
|
0-0: Ground out 4-3 (Groundball, 4, EV 79.4 MPH)
|
| Bottom of the 9th over - 0 runs, 1 hit, 0 errors, 2 left on base; Clinton 4 - Lexington 4 |
| TOP OF THE 10TH |
|
Clinton LumberKings batting - Pitching for Lexington Legends : RHP Junsuke Abe
|
|
Batting: RHB Enrique Valdez
|
0-0: Ball 1-0: Ball 2-0: TRIPLE (Flyball, 8RXD, EV 91.9 MPH)
|
|
Batting: RHB Hideo Okimura
|
0-0: Called Strike 0-1: Foul Ball, location: 2F 0-2: Ball 1-2: Foul Ball, location: 2F 1-2: Foul Ball, location: 2F 1-2: Strikes out swinging
|
|
Batting: LHB Taki Matsui
|
0-0: Ball 1-0: Swinging Strike 1-1: Swinging Strike 1-2: Ball 2-2: Ball 3-2: Base on Balls
|
|
Pitching: RHP Gary Ackerman
|
|
|
Batting: RHB Mike Conaway
|
0-0: Ball 1-0: Called Strike 1-1: Ball 2-1: Called Strike 2-2: Foul Ball, location: 2F 2-2: Ball 3-2: Base on Balls Taki Matsui to second
|
|
Batting: LHB Justin Long
|
0-0: Ball 1-0: Ball 2-0: Ball 3-0: Called Strike 3-1: Base on Balls Enrique Valdez scores Taki Matsui to third Mike Conaway to second
|
|
Batting: RHB Salvador Avina
|
0-0: Grounds into fielders choice 5-2 (Groundball, 56S, EV 71.9 MPH) Mike Conaway to third Justin Long to second
|
|
Batting: RHB Clay Statum
|
0-0: Called Strike 0-1: Swinging Strike 0-2: Foul Ball, location: 2F 0-2: Ball 1-2: Strikes out swinging
|
| Top of the 10th over - 1 run, 1 hit, 0 errors, 3 left on base; Clinton 5 - Lexington 4 |
| BOTTOM OF THE 10TH |
|
Lexington Legends batting - Pitching for Clinton LumberKings : RHP Willie Sanchez
|
|
Batting: LHB David Bearden
|
0-0: Ball 1-0: Swinging Strike 1-1: Ball 2-1: Ground out 6-3 (Groundball, 6, EV 87.5 MPH)
|
|
Batting: RHB Nate De Jongh
|
0-0: Ball 1-0: Foul Ball, location: 2F 1-1: Swinging Strike 1-2: Foul Ball, location: 2F 1-2: Foul Ball, location: 2F 1-2: Ball 2-2: Ball 3-2: Strikes out looking
|
|
Batting: RHB Franklin Salazar
|
0-0: Ground out 6-3 (Groundball, 6, EV 78.8 MPH)
|
| Bottom of the 10th over - 0 runs, 0 hits, 0 errors, 0 left on base; Clinton 5 - Lexington 4 |
|